 Dungeon Crawl Stone Soup version 0.20.0 (webtiles) character file.

161 Llamajah the Shield-Bearer (level 5, -1/47 HPs)
             Began as a Minotaur Fighter on July 17, 2017.
             Slain by an orc wizard
             ... wielding a +0 dagger
              (2 damage)
             ... on level 3 of the Dungeon.
             The game lasted 00:04:28 (1290 turns).

Llamajah the Shield-Bearer (Minotaur Fighter)       Turns: 1290, Time: 00:04:29

Health: -1/47      AC: 12    Str: 21    XL:     5   Next: 18%
Magic:  4/4        EV:  5    Int:  5    God:
Gold:   34         SH: 10    Dex: 10    Spells: 4/4 levels left

rFire    . . .     SeeInvis .   a - +0 war axe
rCold    . . .     Gourm    .   c - +1 shield
rNeg     . . .     Faith    .   g - +0 plate armour (curse)
rPois    .         Spirit   .   (helmet restricted)
rElec    .         Reflect  .   (no cloak)
rCorr    .         Harm     .   (no gloves)
MR       .....     Rnd*Tele +   (no boots)
Stlth    ..........             i - amulet of magic regeneration
Regen    0.2/turn               l - ring of loudness (curse)
MPRegen  0.2/turn               m - ring of teleportation (curse)

@: no status effects
A: retaliatory headbutt, horns 2
a: no special abilities


You were on level 3 of the Dungeon.
You were not hungry.

You visited 1 branch of the dungeon, and saw 3 of its levels.

You collected 34 gold pieces.

Inventory:

Hand Weapons
 a - a +0 war axe (weapon)
Armour
 b - a +0 scale mail
 c - a +1 shield (worn)
 g - a cursed +0 plate armour (worn)
Jewellery
 i - an amulet of magic regeneration (around neck)
 l - a cursed ring of loudness (left hand)
 m - a cursed ring of teleportation (right hand)
Scrolls
 e - 3 scrolls of teleportation {unknown}
 n - a scroll of identify {unknown}
Potions
 d - a potion of might
 o - a potion of berserk rage {unknown}
Comestibles
 f - 2 bread rations
 h - a meat ration
 k - a fruit


   Skills:
 + Level 4.4 Fighting
 + Level 3.2 Axes
 * Level 4.7 Armour
 * Level 2.0 Dodging
 * Level 4.8 Shields


You had 4 spell levels left.
You didn't know any spells.

Dungeon Overview and Level Annotations

Branches:
Dungeon (3/15)

Altars:


Innate Abilities, Weirdness & Mutations

You reflexively headbutt those who attack you in melee.
You have a pair of horns on your head.


Message History

* * * LOW HITPOINT WARNING * * *
You miss something. You headbutt something!
An orc wizard appears from thin air!
Reactivating autopickup.
The orc wizard hits you but does no damage.
The orc wizard casts a spell.
The orc wizard flickers and vanishes!
Deactivating autopickup; reactivate with Ctrl-A.
You closely miss something. Your headbutt misses something.
You feel sick.
You are no longer poisoned.
You hear some strange, mumbled words.
A puff of frost appears from out of thin air!
The puff of frost hits you!
* * * LOW HITPOINT WARNING * * *
Your plate armour prevents you from hitting something.
Your headbutt misses something.
You hear some strange, mumbled words.
A puff of flame appears from out of thin air!
You block the puff of flame. Something hits you.
You die...

#..#.# #.#..#.#
#.#..#.#
#.#..#.#
#.#....#
#.#.####
######.#.#
......)#.####.#
#.....)@......#
#.?...)){.....#
#.............#
#####......##.#
#......# #
#.......
#......##
#......#


There were no monsters in sight!

Vanquished Creatures
  An orc priest (D:3)
  An orc wizard (D:3)
  2 adders (D:2)
  3 gnolls (D:2)
  2 oozes (D:1)
  A worm (D:2)
  2 leopard geckos
  4 orcs (D:3)
  3 giant cockroaches
  7 goblins
  3 hobgoblins (D:2)
  4 kobolds
  A ball python (D:2)
  5 bats
  3 frilled lizards
  5 rats
47 creatures vanquished.

Notes
Turn   | Place    | Note
-------+----------+-------------------------------------------
     0 | D:1      | Llamajah the Minotaur Fighter began the quest for the Orb.
     0 | D:1      | Reached XP level 1. HP: 19/19 MP: 0/0
    41 | D:1      | Reached XP level 2. HP: 27/27 MP: 1/1
   610 | D:2      | Reached XP level 3. HP: 33/33 MP: 2/2
   631 | D:2      | Reached XP level 4. HP: 28/40 MP: 3/3
   688 | D:2      | Reached skill level 1 in Dodging
  1269 | D:3      | Reached XP level 5. HP: 30/47 MP: 4/4
  1289 | D:3      | HP: 1/47 [something/puff of frost (8)]
  1290 | D:3      | Slain by an orc wizard

Skill      XL: |  1  2  3  4  5 |
---------------+----------------+-----
Shields        | 4 |  4.8
Armour         | 4 |  4.7
Fighting       | 4 |  4.4
Dodging        | 1 2 |  2.0
Axes           | 3 |  3.2

Action                   |  1- 3 |  4- 6 || total
-------------------------+-------+-------++-------
Melee: War axe           |    65 |    56 ||   121
       Headbutt          |    17 |     8 ||    25
  Use: Scroll            |       |     3 ||     3
  Eat: Chunk             |       |     1 ||     1
Armor: Scale mail        |     7 |       ||     7
       Plate armour      |    46 |    48 ||    94
Dodge: Dodged            |    14 |    12 ||    26
Block: Shield            |    53 |    38 ||    91
